 Dungeon Crawl Stone Soup version 0.30-a0-859-gf88a04b62d (webtiles) character file.

Game seed: 3816160519223666104

343 Newt the Skirmisher (level 6, -2/40 HPs)
             Began as a Kobold Hunter on Mar 6, 2023.
             Was an Initiate of Hepliaklqana.
             Slain by a kobold brigand
             ... wielding a +0 dagger
              (7 damage)
             ... on level 3 of the Dungeon on Mar 7, 2023.
             The game lasted 00:03:08 (2267 turns).

Newt the Skirmisher (Kobold Hunter)                 Turns: 2267, Time: 00:03:09

Health: -2/40      AC:  3    Str:  8    XL:     6   Next: 88%
Magic:  6/6        EV: 14    Int: 11    God:    Hepliaklqana [......]
Gold:   155        SH:  0    Dex: 20    Spells: 5/5 levels left

rFire   . . .      SeeInvis +    a - +1 shortbow
rCold   . . .      Faith    .    (shield currently unavailable)
rNeg    + . .      Spirit   .    c - +0 leather armour
rPois   .          Reflect  .    (no helmet)
rElec   .          Rampage  .    (no cloak)
rCorr   .                        (no gloves)
Will    .....                    (no boots)
Stlth   +++                      (no amulet)
HPRegen 0.26/turn                k - ring of see invisible
MPRegen 0.10/turn                o - ring of positive energy

@: no status effects
A: small, no large weapons, nightstalker 3
a: Renounce Religion


You were on level 3 of the Dungeon.
You worshipped Hepliaklqana.
Hepliaklqana was noncommittal.
You visited 1 branch of the dungeon, and saw 3 of its levels.

You collected 155 gold pieces.

Inventory:

Hand Weapons
 a - a +1 shortbow (weapon)
Armour
 c - a +0 leather armour (worn)
Jewellery
 k - a ring of see invisible (left hand)
 o - a ring of positive energy (right hand)
Scrolls
 b - a scroll of immolation
Potions
 d - a potion of invisibility
 e - a potion of attraction {unknown}
 f - a potion of flight
 h - a potion of magic {unknown}
 i - a potion of haste {unknown}
 j - a potion of degeneration {unknown}
 l - a potion of heal wounds {unknown}


   Skills:
 - Level 5.0 Fighting
 + Level 8.5 Ranged Weapons
 - Level 2.4 Dodging
 - Level 1.3 Stealth


You had 5 spell levels left.
You didn't know any spells.
Your spell library contained the following spells:

 Spells                   Type           Power      Damage    Failure   Level
 Sandblast                Erth           0%         2d4       45%         1
 Slow                     Hex            0%         N/A       45%         1
 Passwall                 Tmut/Erth      0%         N/A       61%         2
 Confusing Touch          Hex            0%         N/A       83%         3
 Stone Arrow              Conj/Erth      0%         3d7       83%         3
 Vampiric Draining        Necr           0%         2d6       83%         3
 Animate Armour           Summ/Erth      0%         N/A       99%         4
 Lehudib's Crystal Spear  Conj/Erth      0%         10d2      100%        8


Dungeon Overview and Level Annotations

Branches:
Dungeon (3/15)

Altars:
Gozag
Hepliaklqana
Qazlal
Wu Jian
The Shining One


Innate Abilities, Weirdness & Mutations

You are small and have problems with some larger weapons.
You are completely attuned to the shadows.


Message History

You shoot an arrow.
The arrow barely misses the kobold brigand.
The kobold hits you with a +0 club.
The kobold brigand hits you with a +0 dagger.
The kobold barely misses you.
You shoot an arrow. The arrow completely misses the kobold.
The kobold brigand barely misses you. The kobold closely misses you.
The kobold barely misses you.
You shoot an arrow. The arrow hits the kobold.
You kill the kobold!
The kobold brigand barely misses you.
You shoot an arrow.
The arrow barely misses the kobold brigand.
The kobold brigand hits you with a +0 dagger!
* * * LOW HITPOINT WARNING * * *
The kobold hits you with a +0 club.
* * * LOW HITPOINT WARNING * * *
The kobold barely misses you.
You shoot an arrow. The arrow barely misses the kobold.
The kobold brigand barely misses you. The kobold hits you with a +0 club.
* * * LOW HITPOINT WARNING * * *
The kobold barely misses you.
Unknown command.
You feel better.
The kobold brigand hits you with a +0 dagger.
* * * LOW HITPOINT WARNING * * *
The kobold closely misses you. The kobold hits you but does no damage.
The kobold barely misses you.
You shoot an arrow. The arrow hits the kobold!
You kill the kobold!
The kobold throws a stone.
The stone hits you but does no damage.
The kobold brigand hits you with a +0 dagger.
* * * LOW HITPOINT WARNING * * *
Unknown command.
You shoot an arrow.
The arrow hits the kobold brigand but does no damage.
The kobold brigand is heavily wounded.
The kobold closely misses you.
The kobold brigand hits you with a +0 dagger!
You die...

≈≈≈≈≈≈≈≈≈ ≈≈≈~..
###### .....# #.
.....+ #.
.....#########.
#..........#..
#..........'..
.########..........#..
....K@......#########.
....)K......+ #.
............# #.
############# ##


You could see a kobold brigand and a kobold.

Vanquished Creatures
  Grinder (D:3)
  6 gnolls
  3 adders
  2 dart slugs
  4 ball pythons
  5 endoplasms
  2 giant cockroaches (D:1)
  3 goblins
  6 hobgoblins
  17 kobolds
  2 bats (D:1)
  3 frilled lizards
  3 rats
57 creatures vanquished.

Notes
Turn   | Place    | Note
-------+----------+-------------------------------------------
     0 | D:1      | Newt the Kobold Hunter began the quest for the Orb.
     0 | D:1      | Reached XP level 1. HP: 12/12 MP: 1/1
   219 | D:1      | Reached XP level 2. HP: 18/18 MP: 2/2
   483 | D:1      | Reached XP level 3. HP: 23/23 MP: 3/3
  1136 | D:2      | HP: 1/24 [gnoll/+0 club (6)]
  1137 | D:2      | Reached XP level 4. HP: 1/30 MP: 4/4
  1442 | D:2      | Reached skill level 5 in Fighting
  1754 | D:3      | Noticed Grinder
  1762 | D:3      | Paralysed by Grinder for 2 turns
  1764 | D:3      | Killed Grinder
  1765 | D:3      | Reached skill level 8 in Ranged Weapons
  1765 | D:3      | Reached XP level 5. HP: 29/35 MP: 5/5
  1765 | D:3      | Reached XP level 6. HP: 34/40 MP: 6/6
  1860 | D:3      | Found a glowing golden altar of the Shining One.
  1861 | D:3      | Found an opulent altar of Gozag.
  1864 | D:3      | Found a stormy altar of Qazlal.
  1868 | D:3      | Found a hazy altar of Hepliaklqana.
  1868 | D:3      | Found an ornate altar of the Wu Jian Council.
  1874 | D:3      | Became a worshipper of Hepliaklqana the Forgotten
  2267 | D:3      | Slain by a kobold brigand

Illustrated notes

Levels and vault maps discovered:
D:1:      heliophobic_arrival_henge, layout_basic
D:2:      layout_rooms
D:3:      minmay_goblin_kobold_castle, layout_basic, grunt_temple_overflow_open,
          hellmonk_ecumenical_altar_run_dry, uniq_grinder

Skill      XL: |  1  2  3  4 |
---------------+-------------+-----
Fighting       | 3 4 5 |  5.0
Ranged Weapons | 8 |  8.5
Dodging        | |  2.4
Stealth        | |  1.3

Action                     |  1- 3 |  4- 6 || total
---------------------------+-------+-------++-------
   Fire: Shortbow          |    47 |    85 ||   132
    Use: Scroll            |     2 |     3 ||     5
         Potion            |       |     2 ||     2
 Armour: Leather armour    |     4 |    12 ||    16
  Dodge: Dodged            |    16 |    41 ||    57

Table legend: (Time is in decaauts)
 A = Elapsed time spent in this place.
 B = Non-inter-level travel time spent in this place.
 C = Inter-level travel time spent in this place.
 D = Time resting spent in this place.
 E = Time spent auto-exploring this place.
 F = Levels seen in this place.
 G = Mean time per level.
                   A        B        C        D        E       F      G
               +--------+--------+--------+--------+--------+-----+--------+
         Total |   2295 |   2236 |     59 |    486 |   1475 |   3 |  765.0 |
       Dungeon |   2295 |   2236 |     59 |    486 |   1475 |   3 |  765.0 |
               +--------+--------+--------+--------+--------+-----+--------+

Top non-repeatable levels by time:
     D:1: 1116 daAuts
     D:2: 652 daAuts
     D:3: 525 daAuts
